 Dungeon Sprint DCSS version 0.22-a0-402-ga933591907 (webtiles) character file.

7135 Hephaistos the Bludgeoner (level 11, 0/80 HPs)
             Began as a Gargoyle Berserker on May 6, 2018.
             Was the Champion of Trog.
             Slain by an orc warrior
             ... wielding a +0 trident
              (5 damage)
             ... in the Dungeon (Sprint IX: "|||||||||||||||||||||||||||||").
             The game lasted 00:01:59 (1442 turns).

Hephaistos the Bludgeoner (Gargoyle Berserker)      Turns: 1442, Time: 00:02:00

Health: 0/80       AC: 29    Str: 30    XL:     11   Next: 10%
Magic:  3/3        EV: 10    Int:  7    God:    Trog [******]
Gold:   52         SH:  0    Dex: 11    Spells: 10/10 levels left

rFire    . . .     SeeInvis .   a - +1 eveningstar (antimagic)
rCold    . . .     Gourm    .   (no shield)
rNeg     + . .     Faith    .   p - +0 plate armour
rPois    ∞         Spirit   .   o - +0 helmet
rElec    +         Reflect  .   x - +0 cloak
rCorr    .         Harm     .   y - +0 pair of gloves
MR       .....     NoTele   +   w - +1 pair of boots
Stlth    ..........             (no amulet)
HPRegen  0.23/turn              r - +3 ring of strength
MPRegen  0.08/turn              t - +4 ring of strength

@: berserk cooldown, slowed, very slow
A: negative energy resistance 1, electricity resistance, unbreathing,
petrification resistance, rot immunity, AC +8
a: Berserk, Trog's Hand, Brothers in Arms, Renounce Religion


You were in the Dungeon.
You worshipped Trog.
Trog was exalted by your worship.
You were near starving.

You visited 1 branch You collected 52 gold pieces.

Inventory:

Hand Weapons
 a - a +1 antimagic eveningstar (weapon)
 m - a +2 morningstar of protection
Armour
 o - a +0 helmet (worn)
 p - a +0 plate armour (worn)
 w - a +1 pair of boots (worn)
 x - a +0 cloak (worn)
 y - a +0 pair of gloves (worn)
Jewellery
 q - a +3 ring of dexterity
 r - a +3 ring of strength (left hand)
 t - a +4 ring of strength (right hand)
Wands
 l - a wand of acid (10)
Scrolls
 i - 3 scrolls of blinking
 k - 5 scrolls of remove curse
 u - 2 scrolls of fog
Potions
 b - a potion of agility
 d - 5 potions of curing
 e - 5 potions of heal wounds
 f - a potion of haste
 g - 4 potions of magic
 h - 2 potions of berserk rage
 j - a potion of invisibility
 n - a potion of might
 s - a potion of resistance
 z - a potion of lignification {unknown}
Comestibles
 c - 11 rations


   Skills:
 + Level 14.8 Fighting
 + Level 18.1 Maces & Flails
 + Level 10.9 Armour
 + Level 6.0 Dodging


You had 10 spell levels left.
You didn't know any spells.

Dungeon Overview and Level Annotations

Branches:
Dungeon (1/1)

Altars:
Cheibriados
Dithmenos
Elyvilon
Fedhas
Gozag
Hepliaklqana
Kikubaaqudgha
Makhleb
Nemelex Xobeh
Okawaru
Qazlal
Ru
Sif Muna
Trog
Uskayaw
Vehumet
Wu Jian
Xom
Yredelemnul
Zin
The Shining One
Beogh
Jiyva
Lugonu


Innate Abilities, Weirdness & Mutations

You are resistant to torment.
Your stone body is resilient. (AC +8)
You are immune to poison.
You resist negative energy. (rN+)
You are resistant to electric shocks. (rElec)
You can survive without breathing.
You are immune to petrification.
You are immune to rotting.


Message History

Beogh smites you!
You hear a shout!
You impale the orc warrior!!
You kill the orc warrior!
Trog accepts your kill.
You barely miss the orc priest.
The orc priest mumbles some strange prayers to Beogh against you.
Beogh smites you! The orc warrior closely misses you.
The orc priest looks encouraged for a moment.
You closely miss the orc priest.
The orc priest hits you but does no damage.
The orc warrior hits you from afar with a trident!
* * * LOW HITPOINT WARNING * * *
You closely miss the orc priest.
The orc priest calls down the wrath of Beogh upon you.
Beogh smites you!
* * * LOW HITPOINT WARNING * * *
The orc priest barely misses you.
The orc warrior hits you from afar with a trident.
You die...

▓▓▓▓▓▓▓▓▓▓▓▓▓▓▓▓▓▓▓▓▓▓▓▓
ooooooo@))).............
▓▓▓▓▓▓▓▓▓▓▓▓▓▓▓▓▓▓▓▓▓▓▓▓▓▓▓▓▓▓▓▓.
.................................
▓▓▓▓▓▓▓▓▓▓▓▓▓▓▓▓▓▓▓▓▓▓▓▓▓▓▓▓▓▓▓▓▓
.†)....†.†.†)......).....'.......
▓▓▓▓▓▓▓▓▓▓▓▓▓▓▓▓▓▓▓▓▓▓▓▓▓▓▓▓▓▓▓▓.
.................................
▓▓▓▓▓▓▓▓▓▓▓▓▓▓▓▓▓▓▓▓▓▓▓▓▓▓▓▓▓▓▓▓▓
________________'.....'....÷'...<


You could see an orc warrior, 2 orc priests, an orc wizard and 3 orcs.

Vanquished Creatures
  A hydra (D)
  2 two-headed ogres (D)
  Urug (D)
  An unseen horror (D)
  2 spiny frogs (D)
  A komodo dragon (D)
  A troll (D)
  A hippogriff (D)
  2 basilisks (D)
  3 yaks (D)
  3 wargs (D)
  An acid dragon (D)
  2 water moccasins (D)
  2 hell hounds (D)
  4 porcupines (D)
  2 orc warriors (D)
  A phantom (D)
  4 wolves (D)
  A crocodile (D)
  2 crimson imps (D)
  A jelly (D)
  An orc priest (D)
  An orc wizard (D)
  2 worker ants (D)
  An adder (D)
  A dart slug (D)
  A leopard gecko (D)
  An orc (D)
  A bat skeleton (D)
  A bat zombie (D)
  2 goblins (D)
  A frilled lizard (D)
  A leopard gecko skeleton (D)
  A leopard gecko zombie (D)
  A rat (D)
54 creatures vanquished.

Notes
Turn   | Place    | Note
-------+----------+-------------------------------------------
     0 | D        | Hephaistos the Gargoyle Berserker began the quest for the Orb.
     0 | D        | Reached XP level 1. HP: 14/14 MP: 1/1
     3 | D        | Banished a spatial maelstrom
     6 | D        | Reached skill level 4 in Maces & Flails
    10 | D        | Reached ** piety under Trog
    20 | D        | Reached XP level 2. HP: 8/19 MP: 2/2
   208 | D        | Noticed a crimson imp
   211 | D        | Killed a crimson imp
   211 | D        | Reached skill level 7 in Maces & Flails
   211 | D        | Reached XP level 3. HP: 23/23 MP: 3/3
   213 | D        | Reached *** piety under Trog
   221 | D        | Reached skill level 8 in Maces & Flails
   221 | D        | Reached XP level 4. HP: 28/28 MP: 4/4
   273 | D        | Found a roughly hewn altar of Beogh.
   273 | D        | Found a snail-covered altar of Cheibriados.
   273 | D        | Found a shadowy altar of Dithmenos.
   273 | D        | Found a white marble altar of Elyvilon.
   273 | D        | Found a blossoming altar of Fedhas.
   273 | D        | Found an opulent altar of Gozag.
   274 | D        | Found a hazy altar of Hepliaklqana.
   275 | D        | Found a viscous altar of Jiyva.
   276 | D        | Found an ancient bone altar of Kikubaaqudgha.
   277 | D        | Found a corrupted altar of Lugonu.
   278 | D        | Found a burning altar of Makhleb.
   279 | D        | Found a sparkling altar of Nemelex Xobeh.
   280 | D        | Found an iron altar of Okawaru.
   281 | D        | Found a stormy altar of Qazlal.
   282 | D        | Found a sacrificial altar of Ru.
   283 | D        | Found a deep blue altar of Sif Muna.
   284 | D        | Found a bloodstained altar of Trog.
   285 | D        | Found a hide-covered altar of Uskayaw.
   286 | D        | Found a radiant altar of Vehumet.
   287 | D        | Found an ornate altar of the Wu Jian Council.
   288 | D        | Found a shimmering altar of Xom.
   289 | D        | Found a basalt altar of Yredelemnul.
   290 | D        | Found a glowing silver altar of Zin.
   291 | D        | Found a glowing golden altar of the Shining One.
   350 | D        | Noticed a phantom
   350 | D        | Noticed a two-headed ogre
   355 | D        | Killed a two-headed ogre
   355 | D        | Reached **** piety under Trog
   355 | D        | Reached skill level 12 in Maces & Flails
   355 | D        | Reached XP level 5. HP: 41/41 MP: 5/5
   355 | D        | Reached XP level 6. HP: 47/47 MP: 6/6
   355 | D        | Reached XP level 7. HP: 51/51 MP: 7/7
   361 | D        | Reached skill level 13 in Maces & Flails
   365 | D        | Reached ***** piety under Trog
   365 | D        | Received a gift from Trog
   365 | D        | Reached skill level 10 in Fighting
   365 | D        | Reached XP level 8. HP: 57/57 MP: 8/8
   394 | D        | Killed an unseen horror
   394 | D        | Reached skill level 14 in Maces & Flails
   394 | D        | Reached skill level 5 in Armour
   546 | D        | Noticed a two-headed ogre
   546 | D        | Noticed a troll
   557 | D        | Killed a troll
   557 | D        | Reached skill level 5 in Dodging
   557 | D        | Reached XP level 9. HP: 64/64 MP: 9/9
   561 | D        | Killed a two-headed ogre
   561 | D        | Reached skill level 15 in Maces & Flails
   710 | D        | Noticed a five-headed hydra
   710 | D        | Noticed a spiny frog
   712 | D        | Killed a spiny frog
   712 | D        | Received a gift from Trog
   718 | D        | Noticed a komodo dragon
   725 | D        | Killed a five-headed hydra
   725 | D        | Reached skill level 16 in Maces & Flails
   725 | D        | Reached XP level 10. HP: 73/73 MP: 10/10
   742 | D        | Reached ****** piety under Trog
   863 | D        | Received a gift from Trog
   871 | D        | Reached skill level 17 in Maces & Flails
   875 | D        | Noticed a spiny frog
   891 | D        | Killed a spiny frog
   961 | D        | Received a gift from Trog
   969 | D        | Reached skill level 10 in Armour
  1085 | D        | Noticed Urug
  1106 | D        | Killed Urug
  1106 | D        | Reached skill level 18 in Maces & Flails
  1106 | D        | Reached XP level 11. HP: 19/80 MP: 3/11
  1424 | D        | Received a gift from Trog
  1442 | D        | Slain by an orc warrior

Vault maps used:
D:        linesprint

Skill      XL: |  1  2  3  4  5  6  7  8  9 10 |
---------------+-------------------------------+-----
Maces & Flails | 4 7 8 12 13 14 16 18 | 18.1
Fighting       | 9 10 11 13 14 | 14.8
Armour         | 4 6 8 10 | 10.9
Dodging        | 4 5 6 |  6.0

Action                   |  1- 3 |  4- 6 |  7- 9 | 10-12 || total
-------------------------+-------+-------+-------+-------++-------
Melee: Mace              |    27 |       |       |       ||    27
       Morningstar       |       |     4 |    61 |    75 ||   140
       Eveningstar       |       |       |       |    33 ||    33
Invok: Berserk           |     1 |     1 |     2 |     3 ||     7
  Eat: Chunk             |       |       |     2 |     5 ||     7
Armor: Animal skin       |     5 |       |       |       ||     5
       Plate armour      |       |     2 |    71 |    30 ||   103
Dodge: Dodged            |    11 |     3 |    13 |    23 ||    50

Table legend:
 A = Spawn XP
 B = Non-spawn XP
 C = Spawn XP percentage of total XP
 D = Spawn monster count
 E = Non-spawn monster count
 F = Spawn count percentage of total count
 G = Total turns spent on level
                    A         B        C        D         E        F      G
               +---------+---------+-------+---------+---------+-------+---------
         Total |       0 |   10193 |   0.0 |       0 |      54 |   0.0 |  1442
               +---------+---------+-------+---------+---------+-------+---------
             D |       0 |   10193 |   0.0 |       0 |      54 |   0.0 |  1442
               +---------+---------+-------+---------+---------+-------+---------
